 Dungeon Crawl Stone Soup version 0.28.0-53-g5a82cb258f (webtiles) character file.

Game seed: 7949521742661127163

45 Kaptain the Digger (level 3, -1/20 HPs)
             Began as a Gargoyle Earth Elementalist on July 14, 2022.
             Slain by a gnoll
             ... wielding a +0 flail of draining
              (11 damage)
             ... on level 1 of the Dungeon.
             The game lasted 00:02:11 (1803 turns).

Kaptain the Digger (Gargoyle Earth Elementalist)    Turns: 1803, Time: 00:02:12

Health: -1/20      AC:  6    Str: 11    XL:     3   Next: 64%
Magic:  0/6        EV: 11    Int: 17    God:
Gold:   75         SH:  0    Dex: 10    Spells: 5/6 levels left

rFire   . . .      SeeInvis .   e - +2 short sword (elec)
rCold   . . .      Faith    .   (no shield)
rNeg    + . .      Spirit   .   f - +0 leather armour
rPois   ∞          Reflect  .   (no helmet)
rElec   +          Harm     .   (no cloak)
rCorr   .          Rampage  .   (no gloves)
Will    .....                   (no boots)
Stlth   ++........              (no amulet)
HPRegen 0.06/turn               (no ring)
MPRegen 0.10/turn               (no ring)

@: no status effects
A: sickness immunity, AC +3, negative energy resistance 1, electricity
resistance, torment resistance 1, petrification resistance
a: no special abilities


You were on level 1 of the Dungeon.
You visited 1 branch of the dungeon, and saw 2 of its levels.

You collected 75 gold pieces.

Inventory:

Hand Weapons
 e - a +2 short sword of electrocution (weapon)
Missiles
 b - 18 sling bullets
 c - 24 stones
Armour
 f - a +0 leather armour (worn)
Scrolls
 g - a scroll of immolation {unknown}
 h - 2 scrolls of identify {unknown}
 i - a scroll of torment {unknown}
 j - a scroll of vulnerability {unknown}
Potions
 a - a potion of might {unknown}
 d - a potion of degeneration {unknown}
 k - a potion of magic {unknown}
 l - a potion of cancellation {unknown}


   Skills:
 * Level 1.2 Fighting
 + Level 1.0 Armour
 - Level 1.5 Dodging
 + Level 2.6 Stealth
 * Level 2.3 Spellcasting
 * Level 1.1 Conjurations
 - Level 0.7 Transmutations
 * Level 4.0 Earth Magic


You had 5 spell levels left.
You knew the following spells:

 Your Spells              Type           Power      Damage    Failure   Level
a - Sandblast             Erth           30%        2d9       4%          1

Your spell library contained the following spells:

 Spells                   Type           Power      Damage    Failure   Level
 Passwall                 Tmut/Erth      8%         N/A       14%         2
 Stone Arrow              Conj/Erth      20%        3d8       26%         3
 Conjure Flame            Conj/Fire      4%         6-21      50%         3
 Ignite Poison            Fire/Tmut/Pois 2%         N/A       56%         3
 Petrify                  Tmut/Erth      10%        N/A       67%         4
 Sticky Flame             Conj/Fire      4%         2d3       88%         4


Dungeon Overview and Level Annotations

Branches:
Dungeon (2/15)

Altars:


Innate Abilities, Weirdness & Mutations

You are immune to sickness and miasma.
Your stone body is resilient. (AC +3)
You are immune to poison.
You resist negative energy. (rN+)
You are resistant to electric shocks. (rElec)
You are resistant to unholy torment.
You are immune to petrification.


Message History

You feel your power leaking away.
There is a stone staircase leading up here.
The gnoll closely misses you.
You climb upwards.
There is a stone staircase leading down here.
Unknown command.
Casting: Sandblast (safe; 4% risk of failure)
Confirm with . or Enter, or press ? or * to list all spells.
Aiming: Sandblast (safe; 4% risk of failure)
Press: ? - help, Shift-Dir - straight line, f - gnoll
Aim: a gnoll, wielding a +0 flail of draining (82% to hit)
The blast of sand misses the gnoll.
The gnoll misses you.
Unknown command.
Casting: Sandblast (safe; 4% risk of failure)
Confirm with . or Enter, or press ? or * to list all spells.
Aiming: Sandblast (safe; 4% risk of failure)
Press: ? - help, Shift-Dir - straight line, f/p - gnoll
Aim: a gnoll, wielding a +0 flail of draining (82% to hit)
The blast of sand hits the gnoll!
The gnoll is heavily wounded.
The gnoll hits you with a +0 flail of draining.
Unknown command.
Casting: Sandblast (safe; 4% risk of failure)
Confirm with . or Enter, or press ? or * to list all spells.
You don't have enough magic to cast this spell.
Unknown command.
The gnoll barely misses you.
There is a stone staircase leading down here.
There is a stone staircase leading down here.
There is an open door here.
Casting: Sandblast (safe; 4% risk of failure)
Confirm with . or Enter, or press ? or * to list all spells.
Aiming: Sandblast (safe; 4% risk of failure)
Press: ? - help, Shift-Dir - straight line, f/p - gnoll
Aim: a gnoll, wielding a +0 flail of draining (heavily wounded, 82% to hit)
The blast of sand hits the gnoll.
The gnoll is severely wounded.
The gnoll hits you with a +0 flail of draining!
Ouch! That really hurt!
You die...

......# ###.##.# #.........
####### ####.♣..#.# ##.####.##
#...≈≈≈...# #........ #######
#.##♣≈≈##.# #..###.##
......#####.##≈.≈##.# #..# #.#
##....'.....#..≈♣...#####..###.##
......####..#...............#....
##....## #.......######.##.......
##.....###.##.##@# ####.##.....##
...........##.##g# #....##.......
##.........##.##'###'##.#..#...##
......†.##.##.#...#...#.#..#...##
#....#..##.##.#.>.#...#.#..#...##
..#..#†.##.##.#...#...#........##
#.#.##..##.##.#.>.#.<.#....#...##
#.#.....##.##.#...#...#..........
#.#.##..##..#.#.>.#...#.#........


You could see a gnoll.

Vanquished Creatures
  A gnoll (D:2)
  An adder (D:2)
  2 dart slugs (D:1)
  An endoplasm (D:1)
  4 goblins
  3 hobgoblins
  A kobold (D:1)
  A quokka (D:2)
  3 ball pythons
  2 bats
  A frilled lizard (D:2)
  4 rats
24 creatures vanquished.

Vanquished Creatures (others)
  A plant (D:1)
1 creature vanquished.

Grand Total: 25 creatures vanquished

Notes
Turn   | Place    | Note
-------+----------+-------------------------------------------
     0 | D:1      | Kaptain the Gargoyle Earth Elementalist began the quest for
                  | the Orb.
     0 | D:1      | Reached XP level 1. HP: 10/10 MP: 3/3
   181 | D:1      | Found a faded altar of an unknown god.
   235 | D:1      | Reached XP level 2. HP: 16/16 MP: 5/5
  1488 | D:2      | Reached skill level 1 in Fighting
  1488 | D:2      | Reached skill level 1 in Conjurations
  1488 | D:2      | Reached skill level 4 in Earth Magic
  1488 | D:2      | Reached XP level 3. HP: 13/20 MP: 6/6
  1772 | D:2      | Reached skill level 1 in Armour
  1803 | D:1      | Slain by a gnoll

Illustrated notes

Levels and vault maps discovered:
D:1:      minmay_arrival_up_and_down, layout_basic, serial_bayou,
          serial_bayou_pond_d, serial_bayou_pond_e, serial_bayou_pond_c,
          serial_bayou_lagoon_a, hellmonk_ecumenical_altar_crossroads
D:2:      layout_basic

Skill      XL: |  1  2  3 |
---------------+----------+-----
Fighting       | 1 |  1.2
Conjurations   | 1 |  1.1
Earth Magic    | 4 |  4.0
Armour         | 1 |  1.0
Dodging        | |  1.5
Stealth        | |  2.6
Spellcasting   | |  2.3
Transmutations | |  0.7

Action                   || total
-------------------------++-------
Melee: Short sword       ||    28
 Cast: Sandblast         ||    24
Armor: Leather armour    ||     5
Dodge: Dodged            ||    20
